 Dungeon Crawl Stone Soup version 0.24-a0-725-gf1a930fc54 (webtiles) character file.

Game seed: 4198221068610988175, levelgen mode: deterministic

179 pajak713 the Poker (level 5, -1/45 HPs)
             Began as a Draconian Warper on Sept 30, 2019.
             Slain by a crocodile (14 damage)
             ... in a sewer.
             The game lasted 00:18:59 (2983 turns).

pajak713 the Poker (Draconian Warper)               Turns: 2983, Time: 00:18:59

Health: -1/45      AC:  5    Str: 12    XL:     5   Next: 32%
Magic:  9/9        EV: 13    Int: 14    God:
Gold:   88         SH:  0    Dex: 10    Spells: 5/9 levels left

rFire    . . .     SeeInvis .   s - +1 trident
rCold    . . .     Gourm    .   (no shield)
rNeg     . . .     Faith    .   (armour unavailable)
rPois    .         Spirit   .   (helmet restricted)
rElec    .         Reflect  .   (no cloak)
rCorr    .         Harm     .   (no gloves)
MR       .....                  (no boots)
Stlth    +.........             (no amulet)
HPRegen  0.15/turn              p - -2 ring of strength (curse)
MPRegen  0.11/turn              (no ring)

@: no status effects
A: unfitting armour, cold-blooded, AC +5
a: no special abilities


You were in a sewer.
You were not hungry.

You visited 1 branch of the dungeon, and saw 3 of its levels.
You also visited: Sewer.

You collected 88 gold pieces.

Inventory:

Hand Weapons
 a - a +0 spear
 s - a +1 trident (weapon)
Missiles
 b - 10 poisoned darts
 d - 5 boomerangs of dispersal (quivered)
 h - 55 arrows
 i - 16 bolts
Jewellery
 p - a cursed -2 ring of strength (left hand)
Scrolls
 c - 2 scrolls of blinking
 e - a scroll of identify {unknown}
 g - a scroll of remove curse {unknown}
 j - a scroll of amnesia {unknown}
 m - a scroll of teleportation {unknown}
 n - a scroll of immolation
Potions
 k - a potion of haste {unknown}
 l - a potion of lignification {unknown}
 q - 2 potions of curing {unknown}
 r - a potion of agility {unknown}
Comestibles
 f - 6 rations
 o - a chunk of flesh


   Skills:
 + Level 3.3 Fighting
 * Level 3.6 Polearms
 - Level 0.9 Throwing
 + Level 3.1 Dodging
 + Level 2.9 Spellcasting
 - Level 3.0 Translocations


You had 5 spell levels left.
You knew the following spells:

 Your Spells              Type           Power        Failure   Level  Hunger
a - Blink                 Tloc           N/A          10%         2    ##.....
b - Shroud of Golubria    Chrm/Tloc      #.....       19%         2    ##.....

Your spell library contained the following spells:

 Spells                   Type           Power        Failure   Level  Hunger
 Gell's Gravitas          Tloc           ##........   19%         3    ###....
 Lesser Beckoning         Tloc           ##........   19%         3    ###....
 Teleport Other           Tloc           ##......     19%         3    ###....
 Passage of Golubria      Tloc           N/A          54%         4    #####..


Dungeon Overview and Level Annotations

Branches:
Dungeon (3/15)              Sewer (1/1)

Altars:
The Shining One


Innate Abilities, Weirdness & Mutations

Your plain brown scales are hard. (AC +5)
You cannot fit into any form of body armour.
You are cold-blooded and may be slowed by cold attacks.


Message History

You tail-slap the crocodile, but do no damage.
The crocodile is severely wounded.
The crocodile bites you but does no damage.
You hit the crocodile. You tail-slap the crocodile.
The crocodile is almost dead.
The crocodile bites you.
You closely miss the crocodile.
The crocodile is almost dead.
The crocodile bites you.
You barely miss the crocodile.
Your tail-slap misses the crocodile.
The crocodile is almost dead.
The crocodile closely misses you. x2
You hit the crocodile but do no damage.
The crocodile is almost dead.
The crocodile bites you!
* * * LOW HITPOINT WARNING * * *
You closely miss the crocodile. You tail-slap the crocodile.
The crocodile is almost dead.
The crocodile bites you!
You die...

######## ###.≈..≈.###
###....≈..≈..###
###..≈..####≈≈..≈##.$#
##...≈≈### ###.@t.≈#
≈..≈.≈## ##......#
##...≈≈# ..≈..###
###.≈≈≈≈# ....##.!
###.....≈ ≈..### !#
##......## # ######


You could see a crocodile.

Vanquished Creatures
  Jessica (D:2)
  Terence (D:3)
  3 adders (D:3)
  An ooze (D:1)
  5 worms
  2 dart slugs (D:2)
  2 leopard geckos
  An orc (D:3)
  3 giant cockroaches
  10 goblins
  13 hobgoblins
  6 jackals
  8 kobolds
  A quokka (D:3)
  6 bats
  3 frilled lizards
  7 rats
73 creatures vanquished.

Notes
Turn   | Place    | Note
-------+----------+-------------------------------------------
     0 | D:1      | pajak713 the Draconian Warper began the quest for the Orb.
     0 | D:1      | Reached XP level 1. HP: 17/17 MP: 3/3
   153 | D:1      | Reached XP level 2. HP: 21/25 MP: 5/5
   739 | D:1      | Reached XP level 3. HP: 25/30 MP: 6/6
  1077 | D:2      | Learned a level 2 spell: Blink
  1570 | D:2      | Noticed Jessica
  1746 | D:2      | Killed Jessica
  1746 | D:2      | Reached XP level 4. HP: 30/37 MP: 7/7
  2518 | D:3      | Noticed Terence
  2563 | D:3      | Killed Terence
  2563 | D:3      | Reached XP level 5. HP: 37/45 MP: 9/9
  2687 | D:3      | Found a glowing golden altar of the Shining One.
  2751 | D:3      | Found a glowing drain.
  2778 | Sewer    | Entered a sewer
  2962 | Sewer    | Learned a level 2 spell: Shroud of Golubria
  2967 | Sewer    | Noticed a crocodile
  2983 | Sewer    | Slain by a crocodile

Levels and vault maps discovered:
D:1:      dpeg_arrival_rhombi, layout_basic, st_stairs_14
D:2:      layout_basic, uniq_jessica
D:3:      layout_basic, cheibrodos_sewer_entry_bend, first_ration,
          tso_metal_star, uniq_terence
Sewer:    sewer_the_crocodile

Skill      XL: |  1  2  3  4 |
---------------+-------------+-----
Polearms       | 3 |  3.6
Fighting       | 3 |  3.3
Dodging        | 3 |  3.1
Throwing       | |  0.9
Spellcasting   | |  2.9
Translocations | |  3.0

Action                   |  1- 3 |  4- 6 || total
-------------------------+-------+-------++-------
Melee: Spear             |   161 |   123 ||   284
       Tailslap          |    11 |    15 ||    26
       Trident           |       |    59 ||    59
 Cast: Blink             |       |     1 ||     1
       Shroud of Golubri |       |     1 ||     1
  Use: Scroll            |       |     2 ||     2
 Stab: Sleeping          |     1 |       ||     1
       Distracted        |     1 |       ||     1
  Eat: Chunk             |     2 |     5 ||     7
Armor: Skin              |    25 |    78 ||   103
Dodge: Dodged            |    64 |    94 ||   158

Table legend:
 A = Non-vault XP
 B = Vault XP
 C = Vault XP percentage of total XP
 D = Non-vault monster count
 E = Vault monster count
 F = Vault count percentage of total count
                 A         B        C        D         E       F
            +---------+---------+-------+---------+---------+-------
      Total |     168 |      88 |  34.4 |      64 |       9 |  12.3
            +---------+---------+-------+---------+---------+-------
        D:1 |      45 |       2 |   4.3 |      24 |       1 |   4.0
        D:2 |      53 |      37 |  41.1 |      21 |       1 |   4.5
        D:3 |      70 |      41 |  36.9 |      19 |       2 |   9.5
      Sewer |       0 |       8 | 100.0 |       0 |       5 | 100.0
            +---------+---------+-------+---------+---------+-------
